 Dungeon Crawl Stone Soup version 0.29.1-1-gd02db6906a (webtiles) character file.

Game seed: 12138728639023799492

2 DemonSlayer the Firebug (level 1, 0/13 HPs)
             Began as a Demonspawn Fire Elementalist on Sept 17, 2022.
             Slain by a jackal (1 damage)
             ... on level 1 of the Dungeon.
             The game lasted 00:00:38 (105 turns).

DemonSlayer the Firebug (DsFE)                       Turns: 105, Time: 00:00:38

Health: 0/13       AC:  2    Str:  8    XL:     1   Next: 25%
Magic:  1/3        EV: 12    Int: 16    God:
Gold:   0          SH:  0    Dex: 13    Spells: 3/4 levels left

rFire   . . .      SeeInvis .   d - +0 dagger
rCold   . . .      Faith    .   (no shield)
rNeg    . . .      Spirit   .   a - +0 robe
rPois   .          Reflect  .   (no helmet)
rElec   .          Harm     .   (no cloak)
rCorr   .          Rampage  .   (no gloves)
Will    .....                   (no boots)
Stlth   ++........              (no amulet)
HPRegen 0.04/turn               (no ring)
MPRegen 0.08/turn               (no ring)

@: no status effects
A: no striking features
a: no special abilities


You were on level 1 of the Dungeon.
You visited 1 branch of the dungeon, and saw 1 of its levels.

Inventory:

Hand Weapons
 d - a +0 dagger (weapon)
Armour
 a - a +0 robe (worn)
Potions
 b - a potion of magic
 c - a potion of curing {unknown}


   Skills:
 + Level 1.7 Dodging
 + Level 1.7 Stealth
 + Level 2.0 Spellcasting
 + Level 1.0 Conjurations
 + Level 2.8 Fire Magic


You had 3 spell levels left.
You knew the following spells:

 Your Spells              Type           Power      Damage    Failure   Level
a - Foxfire               Conj/Fire      28%        2x1d5     10%         1

Your spell library contained the following spells:

 Spells                   Type           Power      Damage    Failure   Level
 Scorch                   Fire           20%        2d6       10%         2
 Conjure Flame            Conj/Fire      7%         6-21      28%         3
 Inner Flame              Hex/Fire       6%         N/A       34%         3
 Flame Wave               Conj/Fire      7%         2d5       67%         4


Dungeon Overview and Level Annotations

Branches:
Dungeon (1/15)

Altars:


Message History

You hit the giant cockroach.
You kill the giant cockroach!
The jackal barely misses you. The jackal bites you.
You hit the jackal.
The jackal is lightly wounded.
The jackal bites you. x2
The jackal attacks as you move away! The jackal misses you.
Things that are here:
a giant cockroach corpse; a frilled lizard corpse The jackal attacks as you move away!
The jackal barely misses you.
The jackal bites you but does no damage.
A jackal comes into view.
You conjure some foxfire!
The jackal barks!
The foxfire hits the jackal but does no damage.
The jackal is lightly wounded.
There is not enough space to conjure foxfire!
You barely miss the jackal.
The jackal is lightly wounded.
The foxfire hits the jackal.
The jackal is lightly wounded.
The jackal bites you. The jackal barely misses you.
You conjure some foxfire!
The jackal closely misses you. x2
The jackal bites you. The jackal closely misses you.
You are too injured to fight recklessly!
You closely miss the jackal.
The jackal is lightly wounded.
The foxfire hits the jackal.
The jackal is severely wounded.
The jackal bites you.
You hit the jackal but do no damage.
The jackal is severely wounded.
The jackal misses you. The jackal barely misses you. The jackal bites you.
* * * LOW HITPOINT WARNING * * *
You hit the jackal.
The jackal is almost dead.
The jackal closely misses you. x2; The jackal bites you.
* * * LOW HITPOINT WARNING * * *
The jackal misses you. The jackal closely misses you. The jackal bites you.
You die...

........###.........####
..........'.........'...
...[......#.........####
.##..#.#.##.......## #
#†#.###.....## #.#.#
##...## # #.#.# ##'##
..###.#h#.# #.#
......h@h.# #.#
#####.##### ##.## #.
##...####### #
#..........#
##...#####.# ##.######.#
...####.###.....
#......>...##.#
######.######.#


You could see 3 jackals.

Vanquished Creatures
  A giant cockroach (D:1)
  A frilled lizard (D:1)
2 creatures vanquished.

Vanquished Creatures (others)
  2 foxfires (D:1)
2 creatures vanquished.

Grand Total: 4 creatures vanquished

Notes
Turn   | Place    | Note
-------+----------+-------------------------------------------
     0 | D:1      | DemonSlayer the Demonspawn Fire Elementalist began the
                  | quest for the Orb.
     0 | D:1      | Reached XP level 1. HP: 13/13 MP: 3/3
   105 | D:1      | Slain by a jackal

Illustrated notes

Levels and vault maps discovered:
D:1:      evilmike_arrival_hilbert_curve, layout_loops_corners,
          shapermc_ecumenical_altar_acropolis, minmay_worlds_worst_comb

Action                   || total
-------------------------++-------
Melee: Dagger            ||    14
 Cast: Foxfire           ||     2
 Stab: Sleeping          ||     1
Armor: Robe              ||     5
Dodge: Dodged            ||    24
